[Event "Portuguese Rapid-ch 2022"]
[Site "Viseu"]
[Date "2022.06.10"]
[Round "5.1"]
[White "Sousa, Andre Ventura"]
[Black "Fernandes, Antonio"]
[Result "0-1"]
[ECO "C84"]
[WhiteElo "2420"]
[BlackElo "2314"]
[Annotator "TA"]
[PlyCount "74"]
[EventDate "2022.06.09"]
[EventType "rapid"]
[EventCountry "POR"]
[SourceTitle "playchess.com"]
[Source "ChessBase"]
[SourceQuality "1"]
[TimeControl "600+5"]

1. e4 e5 2. Nf3 Nc6 3. Bb5 a6 4. Ba4 Nf6 5. O-O Be7 6. d3 b5 7. Bb3 d6 8. a3 O-O 9. Nc3 Be6 {C77: Ruy Lopez: 3...a6 4 Ba4 Nf6, unusual lines.} 10. Nd5 Na5 11. Nxf6+ Bxf6 {White is slightly better.} 12. Bxe6 fxe6 13. b4 Nc6 {[#]} 14. Bd2 $146 ({Predecessor:} 14. c3 Kh8 15. Be3 Nb8 16. a4 Nd7 17. axb5 axb5 18. Qb3 Qe7 19. Ra5 Rab8 20. Ra7 {½-½ (57) Csonka,B (2496)-Kamsky,G (2662) Chess.com INT 2021}) 14... Qd7 15. c3 Ne7 16. a4 Rfb8 17. Qc2 c5 18. bxc5 dxc5 19. Rfd1 Nc6 20. Be3 Qd6 21. Qa2 b4 22. Rac1 Rc8 23. Nd2 {[#] aiming for Nc4.} Na5 24. Nc4 Nxc4 25. Qxc4 Be7 (25... Rab8 {is interesting.} 26. cxb4 cxb4 27. Qxc8+ Rxc8 28. Rxc8+ Kf7) 26. g3 a5 27. Kh1 h6 28. f4 (28. h4 $11) 28... Kh8 29. fxe5 Qxe5 30. Bf4 Qf6 31. Rf1 Qg6 32. Qb5 Rd8 (32... Bf6 $17 33. Bd2 Bg5) 33. Rfd1 $2 (33. cxb4 $11 axb4 34. a5) 33... Bf6 34. cxb4 cxb4 35. Rc6 $2 (35. Kg2 $17) 35... Qg4 $19 {[#] ( -> ...Qf3+)} 36. Rf1 {Inhibits Qf3+.} Qe2 37. d4 $2 (37. Rcc1 Bc3 38. Qc6) 37... Qxe4+ {Weighted Error Value: White=0.43/Black=0.16 (very precise)} 0-1

[Event "Portuguese Rapid-ch 2022"]
[Site "Viseu"]
[Date "2022.06.10"]
[Round "5.2"]
[White "Ferreira, Jorge Viterbo"]
[Black "Rego, Pedro Filipe"]
[Result "0-1"]
[ECO "A58"]
[WhiteElo "2512"]
[BlackElo "2251"]
[Annotator "TA"]
[PlyCount "154"]
[EventDate "2022.06.09"]
[EventType "rapid"]
[EventCountry "POR"]
[SourceTitle "playchess.com"]
[Source "ChessBase"]
[SourceQuality "1"]
[TimeControl "600+5"]

1. d4 Nf6 2. c4 c5 3. d5 b5 4. cxb5 a6 5. bxa6 g6 6. Nc3 {[%cal Oa6a7] A58: Benko/Volga Gambit: Lines with 5 bxa6.} Bg7 7. e4 O-O 8. Bc4 {[%cal Oa6a7] White is slightly better.} Qa5 9. a7 $1 (9. e5 $6 Ne4 10. Qd3 Bxe5 $11) 9... Rxa7 10. Bd2 {[#]} Ra8 $146 ({Predecessor:} 10... Ba6 11. b3 Bxc4 12. bxc4 Qb4 13. e5 Nh5 14. Nb5 Qxc4 15. Nxa7 Bxe5 16. Rc1 Qxa2 17. Nf3 Bb2 18. Rc2 Qb3 19. Qb1 {1-0 (19) Mishra,A (2370)-Belous,V (2521) Charlotte 2021}) 11. Nf3 d6 (11... Ba6 $1 $14 12. Be2 d6) 12. O-O Bg4 (12... Ba6 $1 $14 13. Bxa6 Nxa6) 13. h3 $36 {[%mdl 2048] White is in control.} Bxf3 14. Qxf3 Nbd7 15. Qe2 Rfb8 16. Nb5 Qd8 17. a4 $1 Nb6 18. b3 Ne8 19. Ra2 Nc7 20. Nxc7 Qxc7 21. Bb5 Nd7 22. a5 Bd4 23. g3 ({Better is} 23. a6 $18) 23... Ra7 (23... Qb7 $16 24. Bc4 Ne5) 24. Kg2 (24. a6 $18) 24... Qb7 25. Ba4 Qc8 (25... f5 $16) 26. Rc1 Qd8 27. Be1 {A strong pair of Bishops.} (27. Rb1 $18) 27... Kg7 (27... Nf6 $16 28. Rd1 Rxa5) 28. Bb5 Rab7 29. Bc4 Ra7 (29... Ne5 $16 {was worth a try.} 30. a6 Ra7) 30. Ra4 Ne5 31. b4 cxb4 32. Rxb4 Rc7 (32... Rxb4 $16 {was called for.} 33. Bxb4 Qb8) 33. Rcb1 $18 Rbc8 (33... Rxb4 34. Rxb4 Bc5) 34. Bb3 (34. Ba6 $142 Bc3 35. Bxc3 Rxc3 36. Bxc8 Qxc8 37. R4b2) 34... Bc3 {[#]} 35. Bxc3 Rxc3 36. a6 Qa5 (36... Qc7 $142 37. Bd1 (37. Rb7 Qa5 $18) 37... Ra3) 37. Ra4 Qc5 38. Bd1 {And now Rb5 would win.} ({Resist} 38. a7 $6 Ra8 $16) 38... Nd3 (38... Ra8 {might work better.} 39. Rb5 Qc8) 39. Rb3 $2 (39. a7 $18 {is more deadly.} Ra8 40. Rb7) 39... Rxb3 $16 40. Bxb3 Qc3 {[#]} 41. Rc4 $2 Rxc4 $19 42. Bxc4 Qxc4 43. a7 {[#]} Nf4+ $1 44. gxf4 Qxe2 45. a8=Q Qxe4+ {[%mdl 4096] Endgame KQ-KQ} 46. Kg3 Qd3+ 47. Kg2 Qd4 48. Kg3 h5 49. Qb7 $2 (49. h4 {was the crucial defense.}) 49... h4+ 50. Kf3 Qd3+ 51. Kg2 Qe4+ 52. Kg1 Qe1+ 53. Kg2 Qe4+ 54. Kg1 $1 Kf6 55. Qb2+ Kf5 56. Qg7 f6 57. Qh7 Qe1+ 58. Kg2 Qe4+ (58... Kxf4 $2 59. Qxh4+ Ke5 60. f4+ Kxd5 61. Qxe1 $18) 59. Kg1 Qxf4 (59... Kxf4 $142 {( -> ...Kf3)} 60. Qxh4+ Ke5) 60. Qxe7 Qe5 61. Qd7+ (61. Qh7 {is a better defense.}) 61... Ke4 {White must now prevent ...Qg5+.} 62. Qf7 $2 (62. Qe6 $19) 62... Kf3 63. Qxg6 Qe1+ 64. Kh2 Qxf2+ 65. Kh1 Qf1+ 66. Kh2 Qe2+ 67. Kh1 Qe1+ 68. Kh2 Qe5+ 69. Kh1 Qe1+ 70. Kh2 $1 Qg3+ {Black mates.} 71. Qxg3+ hxg3+ {K3P-KPP} 72. Kg1 f5 73. Kf1 g2+ 74. Kg1 Kg3 75. h4 f4 76. h5 f3 77. h6 f2# {Weighted Error Value: White=0.40/Black=0.48} 0-1

[Event "Portuguese Rapid-ch 2022"]
[Site "Viseu"]
[Date "2022.06.10"]
[Round "5.3"]
[White "Veiga, Jose Francisco R P N"]
[Black "Ferreira, Luis Pedro"]
[Result "1-0"]
[ECO "C10"]
[WhiteElo "2377"]
[BlackElo "2183"]
[Annotator "TA"]
[PlyCount "61"]
[EventDate "2022.06.09"]
[EventType "rapid"]
[EventCountry "POR"]
[SourceTitle "playchess.com"]
[Source "ChessBase"]
[SourceQuality "1"]
[TimeControl "600+5"]

1. e4 e6 2. d4 d5 3. Nd2 dxe4 4. Nxe4 Nd7 5. Nf3 Ngf6 6. Bd3 Be7 {[%emt 0:00:02] 6...c5 gains popularity.} 7. O-O Nxe4 8. Bxe4 Nf6 {C10: French with 3 Nc3: Unusual Black 3rd moves and 3...dxe4.} 9. Bd3 b6 10. Qe2 (10. Ne5 $16) 10... Bb7 {[%emt 0:00:02] The position is equal.} 11. Rd1 {[%emt 0:00:06] [#]} Qd5 $146 ({Predecessor:} 11... O-O 12. c4 Bd6 13. Bd2 c5 14. dxc5 Bxc5 15. Bc3 Qc7 16. Ne5 Rad8 17. Rd2 g6 18. Rad1 Bd4 19. Bxd4 Rxd4 {½-½ (27) Schinke,A (2473)-Oprisor,R (2422) ICCF email 2012}) 12. Bb5+ c6 13. Ba6 (13. Bc4 $5 Qe4 14. Qxe4 Nxe4 15. Bf4 $11) 13... Bxa6 14. Qxa6 O-O 15. c4 Qh5 16. Bf4 c5 17. Qb7 Rfe8 18. d5 {[%emt 0:00:04] [#] Threatens to win with d6.} exd5 19. cxd5 {[%emt 0:00:01] aiming for d6.} Ne4 {[%emt 0:00:01][%mdl 8192] Black cannot hold the game after this.} (19... Qg4 $11 20. Bc7 (20. d6 Qxf4 21. dxe7 Qb8 $17) 20... Qc8) 20. d6 $18 Bf6 (20... Bxd6 21. Bxd6 Qf5) 21. d7 {[%emt 0:00:07] White is clearly winning.} Red8 22. Qxe4 Qg4 23. h3 Qh5 24. Bc7 Rf8 25. d8=Q Bxd8 26. Qxa8 Bxc7 27. Qxa7 Bf4 28. Qxb6 g5 29. Qxc5 Qg6 30. Ne5 Qf5 31. Nd7 {[%emt 0:00:04] Weighted Error Value: White=0.23 (precise) /Black=0.79} 1-0

[Event "Portuguese Rapid-ch 2022"]
[Site "Viseu"]
[Date "2022.06.10"]
[Round "5.4"]
[White "Santos, Jose Guilherme B Lim"]
[Black "Avramescu, Paul-Mihai"]
[Result "1-0"]
[ECO "C13"]
[WhiteElo "2365"]
[BlackElo "2008"]
[Annotator "TA"]
[PlyCount "45"]
[EventDate "2022.06.09"]
[EventType "rapid"]
[EventCountry "POR"]
[SourceTitle "playchess.com"]
[Source "ChessBase"]
[SourceQuality "1"]
[TimeControl "600+5"]

1. d4 e6 2. e4 d5 3. Nc3 Nf6 4. Bg5 Be7 5. e5 Nfd7 6. h4 h6 7. Be3 c5 8. Qg4 {C14: French: Classical System: 4 Bg5 Be7 main line.} g6 {The main line 8...g6 scores better than 8...Kf8.} (8... Kf8 $142) 9. dxc5 $11 Nxe5 10. Qg3 {White has an edge.} Nbc6 11. O-O-O (11. Bf4 $5 ) 11... h5 12. Be2 {Inhibits Ng4.} Qa5 {[#]} 13. Bb5 $146 {Strongly threatening Qxe5.} ({Predecessor:} 13. Kb1 Ng4 14. Bxg4 hxg4 15. Nge2 Bd7 16. Nc1 O-O-O 17. Rxd5 Rxh4 18. Rdd1 Rxh1 19. Rxh1 {½-½ (61) Paulik,V (2329)-Laurenc,P (2392) ICCF email 2012}) 13... O-O 14. Nh3 a6 (14... Bf6 $11 15. Bh6 Re8) 15. Be2 ({White must play} 15. Bxc6 $16 Nxc6 16. Bh6) 15... Bxc5 $2 (15... Bf6 $11 {and Black has nothing to worry.}) 16. Bxc5 $18 Qxc5 17. Bxh5 $1 Kg7 {[#]} 18. Be2 (18. Kb1 $1 $18 {has better winning chances.}) 18... Nc4 $2 (18... d4 $16 {is tougher.}) 19. h5 {[%cal Bh4h5,Bh5g6][%mdl 32] aiming for Bxc4.} d4 {[#]} (19... Nd6 $142 20. hxg6 Nf5) 20. Ne4 (20. hxg6 $142 $1 fxg6 (20... dxc3 21. gxf7+) 21. Ne4) 20... Qb4 21. Bxc4 {[%cal Oh5g6] hxg6! would kill now.} Qxc4 22. hxg6 f5 23. Qc7+ {Weighted Error Value: White=0.53/Black=1.11} 1-0

[Event "Portuguese Rapid-ch 2022"]
[Site "Viseu"]
[Date "2022.06.10"]
[Round "5.5"]
[White "Bartolo, Filipe Diogo Correia"]
[Black "Padeiro, Jose"]
[Result "1-0"]
[ECO "B12"]
[WhiteElo "1811"]
[BlackElo "2207"]
[Annotator "TA"]
[PlyCount "77"]
[EventDate "2022.06.09"]
[EventType "rapid"]
[EventCountry "POR"]
[SourceTitle "playchess.com"]
[Source "ChessBase"]
[SourceQuality "1"]
[TimeControl "600+5"]

1. e4 c6 2. d4 d5 3. Qd3 dxe4 4. Qxe4 Nf6 5. Qd3 g6 6. Nf3 {[#] B12: Caro-Kann: Advance Variation.} Bg7 $146 ({Predecessor:} 6... Bf5 7. Qd2 Bg7 8. Nc3 O-O 9. Qd1 Re8 10. Be3 Nbd7 11. Qe2 Nb6 12. O-O-O Nbd5 {0-1 (28) Biecaite,V-Stasius,M (1164) Klaipeda 2018}) 7. Bf4 O-O 8. Nbd2 {Black is slightly better.} Qa5 9. c3 Bf5 10. Nc4 Qd8 11. Qd1 Nbd7 12. Bd3 Bxd3 13. Qxd3 b5 14. Nce5 Nxe5 (14... Nh5 $5 15. Qe3 Nxf4 16. Qxf4 Nxe5 17. dxe5 Qd5 $11) 15. Nxe5 (15. Bxe5 $11 Qd7 16. O-O) 15... Qd5 (15... Nh5 $5 16. Qf3 Nxf4 17. Qxf4 Qd6 $11) 16. O-O Nh5 17. Qe3 c5 18. Rfd1 Nxf4 19. Qxf4 cxd4 20. cxd4 Rac8 21. Rac1 {[#]} Rxc1 $1 ({Much weaker is} 21... Qxa2 $6 22. Nc6 Bf6 23. b4 $11) 22. Rxc1 Qxa2 23. h3 (23. Qd2 $17) 23... Qxb2 $19 24. Rc7 Bxe5 25. Qxe5 {[%mdl 4096] Endgame KQR-KQR} e6 $2 {[#]} (25... a5 $19 {has better winning chances. aiming for ...a4.} 26. Qc5 a4) 26. Rxa7 $17 b4 {[%cal Bb5b4,Bb4b3][%mdl 32] And now ...b3 would win.} 27. Rb7 Qc3 28. Kh2 h5 29. Qd6 (29. Qe4 $15) 29... b3 30. d5 exd5 (30... Qd3 $17) 31. Qxd5 $11 {The position is equal.} b2 32. Qb3 {Inhibits Qc2.} Qe5+ 33. g3 h4 34. Qxb2 hxg3+ 35. fxg3 Qe1 36. Rb8 Rxb8 37. Qxb8+ Kh7 38. Qb2 Qe4 39. Qd2 {[%mdl 32768] Black had all chances to win.  Weighted Error Value: White=0.21 (precise) /Black=0.15 (very precise) . Loss on time!?} 1-0

[Event "Portuguese Rapid-ch 2022"]
[Site "Viseu"]
[Date "2022.06.10"]
[Round "5.6"]
[White "Martins, Bruno Andre Leite"]
[Black "Ribeiro, Fernando"]
[Result "1-0"]
[ECO "A45"]
[WhiteElo "2327"]
[BlackElo "2116"]
[Annotator "TA"]
[PlyCount "51"]
[EventDate "2022.06.09"]
[EventType "rapid"]
[EventCountry "POR"]
[SourceTitle "playchess.com"]
[Source "ChessBase"]
[SourceQuality "1"]
[TimeControl "600+5"]

1. d4 Nf6 2. Bf4 g6 3. Nc3 Bg7 4. e4 d6 5. Qd2 O-O 6. f3 {[%emt 0:00:04] B07: Pirc Defence: Miscellaneous Systems.} Nc6 7. O-O-O Nh5 8. Be3 {[%emt 0:01:48] White is better.} (8. Bh6 {looks sharper.} Bxd4 9. Bxf8 Qxf8 10. Kb1) 8... e5 9. Nge2 exd4 10. Nxd4 Nxd4 11. Bxd4 {[%emt 0:00:02] [#]} Be6 $146 ({Predecessor:} 11... Bxd4 12. Qxd4 Be6 13. h4 Qf6 14. Qd2 Qf4 15. Kb1 Qxd2 16. Rxd2 Ng3 17. Rg1 f5 {0-1 (36) Pena Canon,J-Bermudez,E (1699) Manizales 2022}) 12. Bxg7 Nxg7 13. g4 h5 $2 {[%emt 0:00:07] [#] This costs Black the game.} (13... Qh4 $16) 14. h3 $1 $18 Qh4 15. Bd3 Rfd8 (15... Rae8 {might work better.} 16. Qh6 Bd7) 16. f4 f5 $2 (16... d5 17. f5 dxe4) 17. gxf5 gxf5 18. exf5 Bf7 19. Rdg1 Kh8 20. Rg5 Rg8 21. Rhg1 Rae8 22. Be4 c6 23. Qxd6 Kh7 24. f6+ Rxe4 25. Rxg7+ Rxg7 26. Rxg7+ {[%emt 0:00:02] Weighted Error Value: White=0.29 (precise) /Black=0.78} ({Not} 26. fxg7 Qxf4+ 27. Qxf4 Rxf4 $11) 1-0

[Event "Portuguese Rapid-ch 2022"]
[Site "Viseu"]
[Date "2022.06.10"]
[Round "5.7"]
[White "Silva, Miguel Antonio Neto"]
[Black "Pipiras, Filipa Fortuna"]
[Result "1-0"]
[ECO "E06"]
[WhiteElo "2215"]
[BlackElo "2135"]
[Annotator "TA"]
[PlyCount "89"]
[EventDate "2022.06.09"]
[EventType "rapid"]
[EventCountry "POR"]
[SourceTitle "playchess.com"]
[Source "ChessBase"]
[SourceQuality "1"]
[TimeControl "600+5"]

1. d4 d5 2. Nf3 Nf6 3. c4 e6 4. g3 Be7 5. Bg2 O-O 6. O-O dxc4 7. Qc2 a6 8. Qxc4 b5 9. Qc2 Bb7 10. Bd2 Bd6 {[%emt 0:00:50] E05: Open Catalan: 5 Nf3 Be7.} 11. Rc1 Be4 (11... Nbd7 $5 ) 12. Qd1 Qe7 {[%emt 0:00:06] White has an edge.} 13. Bg5 Nbd7 14. Nbd2 Bb7 {[%emt 0:00:01] [#]} 15. Nb3 $146 (15. e4 $5 e5 16. Nh4 $14) ({Predecessor:} 15. e4 e5 16. Nh4 Qe6 17. Nf5 exd4 18. Bh3 Qe8 19. Nxd6 cxd6 20. Rc7 Rb8 21. Rac1 {½-½ (81) Stupak,K (2451)-Azarova,N (2296) Minsk 2008}) 15... h6 (15... c5 $14) 16. Bxf6 $16 Qxf6 {[%emt 0:00:18] [#]} (16... Nxf6 $142 17. Na5 Bd5) 17. Nc5 $2 (17. Ne5 $1 $16 Nxe5 18. Bxb7 (18. dxe5 Bxe5 19. Bxb7 Rad8 $16)) 17... Bxc5 $11 18. dxc5 Bd5 19. Qc2 Rfd8 20. b4 {[%emt 0:00:26] [#]} (20. Rd1 $11) 20... Ne5 (20... a5 $1 $17 21. e4 Bc6) 21. Nxe5 Bxg2 (21... Qxe5 $11 22. a4 Bxg2 23. Kxg2 bxa4) 22. Nxf7 $14 Qxf7 23. Kxg2 Rd4 24. a3 Rad8 25. Rd1 Qd7 26. Rxd4 Qxd4 $16 {[%emt 0:00:07][%mdl 4096] Endgame KQR-KQR} 27. Rc1 a5 $2 (27... Kf7 $16 28. h4 c6) 28. bxa5 $18 Ra8 29. Qg6 ({White should try} 29. Rd1 $18 Qa4 30. Qb1) 29... Qd5+ $16 30. e4 Qa2 (30... Qd7 $16 31. Rc3 (31. c6 Qf7 $16) 31... Rxa5) 31. Rd1 $18 {[%emt 0:00:49] Hoping for Rd7.} Rf8 32. Rf1 $2 (32. Kh3) 32... Qxa3 $2 (32... Kh8 33. a6 Qxa3) 33. Qxe6+ Kh7 34. Qe7 Qf3+ 35. Kg1 Rf7 36. Qe5 {[%emt 0:00:09] Black must now prevent c6.} c6 37. a6 b4 (37... Ra7 $142 38. Ra1 b4) 38. Qe6 b3 39. Qxc6 $2 (39. Qc4 $18) 39... b2 $11 40. Qb5 Qxe4 $2 (40... h5 $11 41. h4 (41. Qxb2 h4 $11) 41... g5) 41. Qxb2 $18 Qc4 42. Qb1+ Kg8 43. Qb8+ {[%emt 0:00:02] White mates.} Rf8 44. a7 Qxc5 45. a8=Q {[%emt 0:00:08] Weighted Error Value: White=0.58/Black=0.51} 1-0

[Event "Portuguese Rapid-ch 2022"]
[Site "Viseu"]
[Date "2022.06.11"]
[Round "6.1"]
[White "Fernandes, Antonio"]
[Black "Veiga, Jose Francisco R P N"]
[Result "0-1"]
[ECO "A05"]
[WhiteElo "2314"]
[BlackElo "2377"]
[Annotator "TA"]
[PlyCount "63"]
[EventDate "2022.06.09"]
[EventType "rapid"]
[EventCountry "POR"]
[SourceTitle "playchess.com"]
[Source "ChessBase"]
[SourceQuality "1"]
[TimeControl "600+5"]

1. Nf3 Nf6 2. g3 g6 3. Bg2 Bg7 4. O-O O-O 5. d4 c5 6. c4 cxd4 7. Nxd4 Nc6 8. Nc3 Nxd4 9. Qxd4 d6 10. Qd2 a6 11. b3 Rb8 12. Bb2 Qa5 13. Rfd1 {Black must now prevent Nd5. A39: Symmetrical English vs ...g6: 4 Bg2 Bg7 5 Nf3 Nf6 6 0-0 0-0 7 d4.} Qh5 14. Nd5 Nxd5 15. Bxg7 {White is slightly better.} Kxg7 {[#]} 16. Qxd5 $146 ({Predecessor:} 16. cxd5 Bg4 17. Qd4+ Kg8 18. f3 Bd7 19. Rac1 Rbc8 20. e4 Qe5 21. Qxe5 dxe5 22. f4 {½-½ (30) Kokoszczynski,J (2246)-Marszalek,M (2272) Jastrzebia Gora 2018}) 16... Qxe2 17. Qd4+ Qe5 $1 18. Qa7 $36 {[%mdl 2048] White is more active.} Bg4 (18... Be6 $5 ) 19. Re1 Qc5 20. Qxc5 dxc5 21. Rxe7 b5 22. Bd5 Rb6 23. Rae1 {Inhibits Be6.} Rf6 24. Rb7 ({Better is} 24. f4 $16) 24... bxc4 $1 $14 25. bxc4 (25. Bxc4 $5 Rd8 26. f4 $14) 25... Bc8 (25... Bf3 $1 $11 {keeps the balance.}) 26. Rc7 $16 Bh3 27. Ree7 Rb8 {[#]} (27... Rb6 $16 28. Rxf7+ Rxf7 29. Rxf7+ Kh8) 28. Rxf7+ ({White should play} 28. f3 $1 $18) 28... Rxf7 29. Rxf7+ Kh6 30. Rb7 {Against Rb1+} (30. f4 $142) 30... Re8 (30... Rxb7 $16 31. Bxb7 a5) 31. f4 g5 (31... Be6 $142 32. Rb6 Bxd5 33. cxd5 Re2 34. Rxa6 c4) 32. Kf2 {[%mdl 32768] Weighted Error Value: White=0.20 (precise) /Black=0.34. Sensor Board Error (Ke4/e5)?} 0-1

[Event "Portuguese Rapid-ch 2022"]
[Site "Viseu"]
[Date "2022.06.11"]
[Round "6.2"]
[White "Rego, Pedro Filipe"]
[Black "Sousa, Andre Ventura"]
[Result "0-1"]
[ECO "A40"]
[WhiteElo "2251"]
[BlackElo "2420"]
[Annotator "TA"]
[PlyCount "106"]
[EventDate "2022.06.09"]
[EventType "rapid"]
[EventCountry "POR"]
[SourceTitle "playchess.com"]
[Source "ChessBase"]
[SourceQuality "1"]
[TimeControl "600+5"]

1. d4 Nf6 2. c4 e6 3. g3 Bb4+ 4. Bd2 Qe7 5. Nf3 Nc6 6. Bg2 Bxd2+ 7. Nbxd2 d6 8. O-O e5 {E11: Bogo-Indian.} 9. d5 Nb8 10. Qc2 a5 {The position is equal.} 11. b3 O-O 12. a3 Na6 13. Ne1 {[#]} Bg4 $146 ({Predecessor:} 13... Nc5 14. Rb1 Bd7 15. b4 axb4 16. axb4 Na4 17. Nb3 Rfc8 18. Na5 b5 19. cxb5 Bxb5 20. Nc6 Qd7 21. Ra1 Nb6 22. Rxa8 Rxa8 23. Nd3 Nfxd5 24. Qb2 Rb8 25. Qa2 {1-0 (25) Bakos,B (2225)-Suto,G (2276) Fuzesabony 2004}) 14. f3 Bd7 15. Nd3 c5 (15... Rfc8 $11) 16. dxc6 (16. e4 $14) 16... Bxc6 $11 17. e4 b5 18. Qc3 Rfb8 19. Rfc1 ({Not} 19. Qxa5 $2 b4 20. axb4 Nc7 21. Nxe5 dxe5 $19) 19... b4 20. axb4 axb4 21. Qc2 Qa7+ (21... Nd7 $15) 22. Kh1 Qd4 23. Rd1 Nc5 24. Rxa8 Bxa8 25. Nxc5 Qxc5 26. Nf1 Bc6 27. Qd2 Ne8 28. Ra1 Nc7 29. Bh3 g6 30. Rd1 Rd8 31. Ne3 h5 32. Nc2 Na6 33. Bg2 (33. Kg2 $14) 33... Kg7 34. h4 Qb6 35. Kh2 Rd7 36. Bh3 Rd8 37. Bg2 f6 (37... Rd7 $11 {remains equal.}) 38. Qe1 (38. f4 $1 $16 {[%cal Rf4e5] Hoping for fxe5.} Nc5 39. fxe5 fxe5 40. Qg5) 38... Bd7 39. Rd3 Nc5 40. Re3 Rb8 41. Qd2 Be6 42. Bh3 Bf7 {Black is more active.} (42... Bxc4 {feels hotter.} 43. bxc4 b3 44. Re1 bxc2 45. Qxc2 Qb3) 43. Bg2 Kf8 (43... Qa6 $15) 44. f4 Ke7 45. f5 Qa5 {[#]} (45... Ke8 $11) 46. fxg6 $1 $16 Bxg6 {[#]} 47. Ne1 ({White should play} 47. Re1 $1 $16) 47... Qa1 $11 48. Nd3 $2 (48. Nc2 $11 {and White is okay.} Qb2 49. Qf2) 48... Nxb3 $19 49. Qe1 (49. Qe2 Nd4 50. Qd2) 49... Qxe1 {Black is clearly winning.} 50. Rxe1 Nc5 51. Nb2 Ra8 52. Rb1 Ra2 53. Nd1 Bxe4 {Weighted Error Value: White=0.50/Black=0.19 (very precise)} 0-1

[Event "Portuguese Rapid-ch 2022"]
[Site "Viseu"]
[Date "2022.06.11"]
[Round "6.3"]
[White "Silva, Miguel Antonio Neto"]
[Black "Santos, Jose Guilherme B Lim"]
[Result "1/2-1/2"]
[ECO "A61"]
[WhiteElo "2215"]
[BlackElo "2365"]
[Annotator "TA"]
[PlyCount "63"]
[EventDate "2022.06.09"]
[EventType "rapid"]
[EventCountry "POR"]
[SourceTitle "playchess.com"]
[Source "ChessBase"]
[SourceQuality "1"]
[TimeControl "600+5"]

1. d4 Nf6 2. Nf3 e6 3. c4 c5 4. d5 d6 5. Nc3 exd5 6. cxd5 g6 7. Nd2 Bg7 8. e4 O-O 9. Be2 Na6 10. O-O Nc7 11. f3 {[%emt 0:00:07] A73: Modern Benoni: Classical: Unusual Black 9th moves.} Rb8 12. a4 b6 13. Nc4 {[%emt 0:00:07] White is slightly better.} Ba6 14. Bf4 (14. Bg5 $14) 14... Bxc4 (14... Nh5 $5 15. Be3 (15. Bxd6 Bxc4 16. Bxf8 Bxe2 $15) 15... f5 $11) 15. Bxc4 Re8 (15... Nh5 $11 {was preferrable.} 16. Be3 f5) 16. Nb5 $14 {[%emt 0:00:25] White is more active.} Nxb5 17. Bxb5 {[%emt 0:00:23] [#] A strong pair of Bishops.} Nh5 $146 ({Predecessor:} 17... Rf8 18. Qd2 Qe7 19. Bg5 Qb7 20. Rfe1 a6 21. Bc6 Qc7 22. Qe2 h6 23. Be3 Nd7 24. Bxd7 Qxd7 25. Qxa6 Bxb2 {1-0 (51) Stepan,P (2157)-Mrva,M (2223) Czech Republic 2017}) 18. Be3 {[%emt 0:00:19] Inhibits Bd4.} (18. Bxe8 {is more complex.} Nxf4 19. Bb5 Bxb2 20. Ra2) 18... Rf8 19. Qd2 f5 20. exf5 Rxf5 (20... gxf5 $16 21. Bg5 Bd4+ 22. Rf2 Qc7) 21. Rad1 (21. g4 $18 Re5 22. Rae1 (22. gxh5 Rxe3 23. hxg6 hxg6 $15)) 21... Rf7 22. Rfe1 (22. g4 $14 Nf6 23. Bg5) 22... Qf8 23. b3 Nf4 (23... Be5 $11) 24. Bf1 (24. g3 $14 Nh5 25. Rf1) 24... Re8 (24... g5 $11 {keeps the balance.}) 25. Bxf4 (25. g3 $16 Nh5 26. f4) 25... Rxe1 $11 26. Rxe1 Rxf4 27. Re6 Be5 28. Qe1 Rf6 (28... Qh6 $15) 29. Qh4 Rxe6 30. dxe6 {[%emt 0:00:02] [#] Hoping for e7.} Qf6 31. Qe4 Qe7 (31... Qg5 $11) 32. g3 {[%emt 0:00:04] Weighted Error Value: White=0.35/Black=0.29 (precise)} 1/2-1/2

[Event "Portuguese Rapid-ch 2022"]
[Site "Viseu"]
[Date "2022.06.11"]
[Round "6.4"]
[White "Sismeiro, Miguel"]
[Black "Martins, Bruno Andre Leite"]
[Result "0-1"]
[ECO "D02"]
[WhiteElo "2148"]
[BlackElo "2327"]
[Annotator "TA"]
[PlyCount "56"]
[EventDate "2022.06.09"]
[EventType "rapid"]
[EventCountry "POR"]
[SourceTitle "playchess.com"]
[Source "ChessBase"]
[SourceQuality "1"]
[TimeControl "600+5"]

1. d4 Nf6 2. Nf3 d5 3. Bf4 c5 4. e3 e6 5. Nbd2 Nc6 6. Bb5 {D02: 1 d4 d5 2 Nf3 sidelines, including 2...Nf6 3 g3 and 2...Nf6 3 Bf4.} Bd6 7. dxc5 Bxc5 8. O-O {The position is equal.} O-O 9. c4 a6 10. Bxc6 bxc6 {[#]} 11. Ne5 $146 ({Predecessor:} 11. Rc1 Bd6 12. Ne5 Bb7 13. h3 Qe7 14. Nb3 a5 15. c5 Bc7 16. Nd4 Ra6 17. Qa4 Bxe5 18. Bxe5 {1-0 (49) Le,Q (2709)-Krysa,L (2531) Chess.com INT 2020}) 11... Qb6 12. Nb3 Nd7 13. Rc1 Nxe5 14. Bxe5 {cxd5 is the strong threat.} Be7 15. cxd5 ({Of course not} 15. Qg4 f6 16. c5 Qd8 $11) 15... cxd5 16. Qd4 (16. Rc7 $14 Bd6 17. Bxd6 Qxd6 18. Qc2) 16... Qxd4 $11 17. Nxd4 Re8 18. Rc7 (18. Rc6 $11) 18... f6 $17 19. Nc6 {[#]} Bf8 20. Bc3 (20. Bg3 $17) 20... Bd6 $19 21. Ra7 Rxa7 22. Nxa7 Bd7 {Hoping for ...Ra8.} 23. b4 $2 (23. Rc1) 23... Ra8 {Black is clearly winning.} 24. Bd4 Bb8 25. b5 axb5 ({And not} 25... Bxa7 26. b6 e5 27. Bc5 Bxb6 28. Bxb6 $17) ({Less strong is} 25... Rxa7 26. Bxa7 Bxa7 27. Rc1 Bxe3 28. fxe3 Bxb5 29. Rc7 $14) 26. Rc1 Bxa7 27. Rc7 Bxd4 28. Rxd7 {[#]} Rxa2 $1 {Weighted Error Value: White=0.50/Black=0.04 (flawless)} 0-1